Map: Galactic Process LE

Players

Nerchio

  • Race: Zerg Zerg

viOLet - Winner!

  • Race: Zerg Zerg

Event: IEM Season 11 - Shanghai

VOD

Have the link to the VOD?

Description

Time

  • Played on: July 29, 2016, 7:50 a.m.
  • Length: 5:50

All games in this series

Show
View Real Time Build Order
Export as new Build Order

Nerchio Zerg 

Build Orders: Hatch First 

Get SALT Encoding   

  12  0:00  Drone  
  13  0:12  Overlord  
  13  0:17  Drone  
  14  0:31  Drone x2  
  14  0:34  Drone  
  17  0:52  Hatchery  
  17  0:55  Drone  
  17  1:09  Spawning Pool  
  16  1:12  Drone  
  16  1:14  Drone  
  16  1:17  Extractor  
  17  1:19  Drone  
  18  1:28  Drone  
  19  1:39  Overlord  
  19  1:55  Queen  
  19  1:56  Zergling x2  
  19  2:00  Zergling x2  
  23  2:04  Queen  
  23  2:06  Drone  
  26  2:11  Drone  
  27  2:16  Metabolic Boost  
  27  2:23  Drone x2  
  27  2:25  Drone  
  30  2:33  Drone  
  31  2:43  Hatchery  
  30  2:45  Drone  
  30  2:47  Drone  
  32  2:52  Overlord  
  32  2:57  Drone  
  32  2:58  Drone  
  33  3:05  Zergling x4  
  35  3:11  Zergling x2  
  35  3:12  Zergling x6  
  39  3:14  Zergling x2  
  40  3:22  Roach Warren  
  40  3:25  Drone x2  
  41  3:27  Drone  
  41  3:31  Drone  
  42  3:36  Zergling x4  
  44  3:48  Overlord  
  44  4:01  Drone x2  
  44  4:02  Roach x2  
  49  4:03  Overlord  
  49  4:06  Evolution Chamber  
  49  4:08  Roach  
  49  4:09  Roach  
  47  4:10  Drone  
  47  4:11  Drone x3  
  47  4:13  Drone  
  51  4:20  Drone x4  
  51  4:21  Drone  
  54  4:31  Ravager  
  54  4:35  Extractor  
  54  4:36  Drone  
  54  4:37  Drone x3  
  54  4:38  Drone  
  59  4:42  Extractor x2  
  59  4:43  Drone  
  58  4:47  Overlord  
  58  4:49  Drone  
  61  4:56  Overlord  
  58  5:00  Roach x2  
  58  5:02  Roach, Spine Crawler  
  58  5:03  Spine Crawler x2  
  58  5:05  Ravager  
  63  5:09  Roach  
  63  5:14  Zergling x12  
  66  5:18  Roach  
  73  5:25  Roach x2  
  73  5:27  Zergling x2  
  73  5:28  Zergling x4  
Show
View Real Time Build Order
Export as new Build Order

viOLet Zerg - Winner!

Build Orders: Hatch First 

Get SALT Encoding   

  12  0:00  Drone  
  13  0:12  Overlord  
  13  0:17  Drone  
  14  0:30  Drone x2  
  16  0:36  Drone  
  17  0:51  Hatchery  
  17  0:54  Drone  
  17  0:58  Drone  
  18  1:08  Extractor  
  17  1:13  Spawning Pool  
  17  1:16  Drone  
  17  1:20  Drone  
  18  1:28  Drone  
  19  1:40  Overlord  
  19  1:50  Drone  
  20  1:59  Queen  
  22  2:02  Drone  
  22  2:03  Queen  
  22  2:04  Zergling x2  
  26  2:08  Metabolic Boost  
  26  2:18  Drone x2  
  28  2:28  Drone x2  
  30  2:41  Hatchery  
  30  2:43  Drone x2  
  31  2:46  Drone  
  31  2:51  Overlord  
  32  2:54  Drone  
  33  3:01  Zergling x2  
  34  3:05  Zergling x2  
  34  3:09  Zergling x8  
  34  3:12  Zergling x4  
  41  3:14  Zergling x2  
  42  3:23  Roach Warren  
  42  3:24  Zergling x2  
  42  3:25  Zergling x2  
  43  3:31  Overlord  
  42  3:37  Overlord  
  42  3:39  Drone  
  43  3:45  Overlord  
  43  3:46  Overlord  
  41  4:03  Roach x2  
  41  4:04  Roach x3  
  41  4:05  Roach  
  41  4:07  Roach  
  41  4:09  Roach  
  53  4:13  Roach  
  53  4:17  Roach  
  56  4:20  Roach  
  57  4:28  Roach  
  57  4:30  Roach x2  
  63  4:39  Zergling x6  
  63  4:42  Zergling x4  
  63  4:43  Zergling x4  
  70  4:49  Zergling x6  
  70  4:51  Zergling x2  
  74  4:53  Zergling x2  
  74  4:55  Zergling x2  
  74  4:59  Zergling x2  
  76  5:00  Zergling x2  
  76  5:06  Zergling x4  
  77  5:08  Zergling x4  
  77  5:11  Zergling x2  
  76  5:29  Zergling x2  
  76  5:32  Zergling x2  

Tags
 
Add a new tag
Caveats
  • Supply blocks, unpowered buildings, or Contaminate may cause inaccurate times.
  • Supply counts are checked every 10 seconds.